 Dungeon Crawl Stone Soup version 0.28-a0-119-ga52ba8600a (webtiles) character file.

Game seed: 1330985286715273813

6284 Veldoneri the Conjurer (level 10, -3/50 HPs)
             Began as a Tengu Air Elementalist on Aug 14, 2021.
             Was a High Priest of Zin.
             Slain by a four-headed hydra (11 damage)
             ... on level 10 of the Dungeon.
             The game lasted 01:33:18 (16244 turns).

Veldoneri the Conjurer (Tengu Air Elementalist)    Turns: 16244, Time: 01:33:18

Health: -3/50      AC:  9    Str:  9    XL:     10   Next: 94%
Magic:  8/22       EV: 15    Int: 19    God:    Zin [*****.]
Gold:   183        SH:  0    Dex: 14    Spells: 15/24 levels left

rFire   + . .      SeeInvis +   w - +6 halberd (spect)
rCold   + . .      Faith    .   (shield currently unavailable)
rNeg    . . .      Spirit   .   A - +0 robe {rC+ rF+}
rPois   +          Reflect  .   (helmet restricted)
rElec   .          Harm     .   C - +1 cloak {rPois}
rCorr   .          Rampage  .   q - +0 pair of gloves
Will    .....                   (boots unavailable)
Stlth   +++.......              (no amulet)
HPRegen 0.16/turn               k - +4 ring of protection
MPRegen 0.18/turn               h - ring of see invisible

@: flying quickly and evasively, quick
A: beak, talons 3, nimble flight
a: Renounce Religion, Recite, Vitalisation, Imprison, Sanctuary, Donate Gold


You were on level 10 of the Dungeon.
You worshipped Zin.
Zin was extremely pleased with you.
You visited 1 branch of the dungeon, and saw 11 of its levels.

You collected 584 gold pieces.
You spent 336 gold pieces at shops.
You donated 65 gold pieces to Zin.

Inventory:

Hand Weapons
 w - a +6 spectral halberd (weapon)
Armour
 a - a +0 robe
 i - a +2 cloak
 q - a +0 pair of gloves (worn)
 A - a +0 robe of resistance (worn)
 C - a +1 cloak of poison resistance (worn)
Magical Staves
 e - a staff of air
 r - a staff of cold
Jewellery
 h - a ring of see invisible (right hand)
 k - a +4 ring of protection (left hand)
 n - a ring of resist corrosion
Wands
 d - a wand of iceblast (3)
 f - a wand of acid (3)
 t - a wand of paralysis (13)
 u - a wand of flame (12)
 y - a wand of digging (5)
Scrolls
 b - 2 scrolls of magic mapping
 c - 2 scrolls of brand weapon
 g - a scroll of fog {unknown}
 j - a scroll of teleportation
 l - 2 scrolls of amnesia
 m - 8 scrolls of identify
 o - a scroll of silence
 s - 2 scrolls of torment {unknown}
 B - a scroll of noise {unknown}
Potions
 p - 3 potions of attraction {unknown}
 v - 3 potions of curing
 x - 3 potions of heal wounds
 z - 3 potions of haste
 D - 2 potions of mutation {unknown}


   Skills:
 * Level 5.1(5.2) Polearms
 - Level 1.0(3.3) Staves
 - Level 2.7 Dodging
 - Level 5.4 Stealth
 + Level 7.6 Spellcasting
 - Level 7.6 Conjurations
 + Level 6.6 Summonings
 * Level 3.4 Ice Magic
 - Level 6.5 Air Magic
 - Level 4.8 Earth Magic
 - Level 2.3 Invocations


You had 15 spell levels left.
You knew the following spells:

 Your Spells              Type           Power      Damage    Failure   Level
a - Shock                 Conj/Air       100%       1d9       1%          1
b - Static Discharge      Conj/Air       34%        N/A       1%          2
c - Stone Arrow           Conj/Erth      60%        3d10      2%          3
d - Swiftness             Air            32%        N/A       1%          3

Your spell library contained the following spells:

 Spells                   Type           Power      Damage    Failure   Level
 Freeze                   Ice            80%        1d9       2%          1
 Airstrike                Air            16%        N/A       6%          4
 Frozen Ramparts          Ice            40%        1d6       7%          3
 Animate Armour           Summ/Erth      56%        N/A       9%          4
 Hailstorm                Conj/Ice       28%        3d8       10%         4
 Summon Ice Beast         Ice/Summ       26%        N/A       12%         4
 Sublimation of Blood     Necr           3%         N/A       14%         2
 Wereblood                Tmut           7%         N/A       14%         2
 Ice Form                 Ice/Tmut       13%        N/A       43%         4
 Summon Hydra             Summ           16%        N/A       99%         7
 Lehudib's Crystal Spear  Conj/Erth      15%        10d5      100%        8
 Shatter                  Erth           12%        3d13*     100%        9


Dungeon Overview and Level Annotations

Branches:
Dungeon (11/15)            Temple (0/1) D:4            Lair (0/6) D:9
    Orc: D:9-12

Altars:
Dithmenos
Elyvilon
Fedhas
Gozag
Makhleb
Okawaru
Qazlal
Trog
Uskayaw
Wu Jian
Xom
Zin
The Shining One

Shops:
D:9 (   D:10 !


Innate Abilities, Weirdness & Mutations

You have a beak for a mouth.
You have claws for feet.
Your magical nature lets you fly swiftly and evasively.


Message History

The curare-tipped dart misses you.
Casting: Stone Arrow (dangerous; 2% risk of failure)
Confirm with . or Enter, or press ? or * to list all spells.
Aiming: Stone Arrow (dangerous; 2% risk of failure)
Press: ? - help, Shift-Dir - straight line, f/p - four-headed hydra
Aim: a four-headed hydra (lightly wounded, 91% to hit)
The stone arrow hits the four-headed hydra!
The four-headed hydra is moderately wounded.
Unknown command.
Casting: Stone Arrow (dangerous; 2% risk of failure)
Confirm with . or Enter, or press ? or * to list all spells.
Aiming: Stone Arrow (dangerous; 2% risk of failure)
Press: ? - help, Shift-Dir - straight line, f/p - four-headed hydra
Aim: a four-headed hydra (moderately wounded, 91% to hit)
The stone arrow hits the four-headed hydra!
The four-headed hydra is heavily wounded.
The kobold brigand barely misses you.
Unknown command.
Casting: Stone Arrow (dangerous; 2% risk of failure)
Confirm with . or Enter, or press ? or * to list all spells.
Aiming: Stone Arrow (dangerous; 2% risk of failure)
Press: ? - help, Shift-Dir - straight line, f/p - four-headed hydra
Aim: a four-headed hydra (heavily wounded, 91% to hit)
The stone arrow hits the four-headed hydra!
The four-headed hydra is severely wounded.
The four-headed hydra bites you. x2; The four-headed hydra bites you!
The four-headed hydra closely misses you.
The kobold brigand barely misses you.
Casting: Stone Arrow (dangerous; 2% risk of failure)
Confirm with . or Enter, or press ? or * to list all spells.
Aiming: Stone Arrow (dangerous; 2% risk of failure)
Press: ? - help, Shift-Dir - straight line, f/p - four-headed hydra
Aim: a four-headed hydra (severely wounded, 91% to hit)
The stone arrow hits the four-headed hydra!
The four-headed hydra is almost dead.
The four-headed hydra bites you! The four-headed hydra bites you.
The four-headed hydra bites you!
* * * LOW HITPOINT WARNING * * *
The four-headed hydra bites you!
You die...

....... ....... #
....... .#
.......#####..#
..............#
..............#
.......KK.....#
#D@# #..# #..#
#########.#####..#
.................#
.........#####...#
..8......# #...#
.........# #...#
>...8....# #...#


You could see a four-headed hydra, a kobold brigand and a kobold.

Vanquished Creatures
  Pikel (D:8)
  Maurice (D:10)
  A centaur zombie (D:10)
  A komodo dragon (D:9)
  A troll (D:9)
  Prince Ribbit (D:9)
  2 meliai zombies (D:11)
  2 wyverns
  Eustachio (D:6)
  3 steam dragons
  An acid dragon (D:11)
  2 water moccasins
  2 orc warriors
  An ice beast (D:5)
  2 sky beasts
  2 black bears
  An ogre (D:5)
  3 centaurs
  A lemure (D:8)
  A phantom (D:5)
  4 kobold brigands
  2 bullfrogs
  A gnoll sergeant (D:10)
  A water moccasin zombie (D:5)
  3 jellies
  6 killer bees (D:7)
  4 howler monkeys
  4 wights (D:8)
  A bullfrog zombie (D:5)
  2 hounds (D:6)
  3 orc priests
  A bullfrog skeleton (D:6)
  10 orc wizards
  5 iguanas
  3 killer bee zombies
  A howler monkey zombie (D:7)
  6 adders
  3 gnolls (D:10)
  2 shadow imps
  4 worms
  A dart slug (D:3)
  24 orcs
  3 ball pythons
  9 endoplasms
  9 goblins
  9 hobgoblins
  4 jackals
  22 kobolds
  7 quokkas
  7 bats
  7 frilled lizards
  2 rats
200 creatures vanquished.

Vanquished Creatures (collateral kills)
  2 lemures (D:8)
2 creatures vanquished.

Vanquished Creatures (others)
  An orc priest (D:8)
  27 plants (D:9)
28 creatures vanquished.

Grand Total: 230 creatures vanquished

Notes
Turn   | Place    | Note
-------+----------+-------------------------------------------
     0 | D:1      | Veldoneri the Tengu Air Elementalist began the quest for
                  | the Orb.
     0 | D:1      | Reached XP level 1. HP: 10/10 MP: 4/4
   507 | D:1      | Reached XP level 2. HP: 15/15 MP: 3/6
   513 | D:1      | Learned a level 2 spell: Static Discharge
   950 | D:1      | Found a faded altar of an unknown god.
  1058 | D:1      | Became a worshipper of Zin the Law-Giver
  1058 | D:1      | Reached * piety under Zin
  1059 | D:1      | Donated 7 gold pieces to Zin
  1139 | D:1      | Reached XP level 3. HP: 19/19 MP: 1/7
  1479 | D:2      | Reached skill level 5 in Air Magic
  1786 | D:2      | Reached skill level 1 in Staves
  1786 | D:2      | Reached XP level 4. HP: 24/24 MP: 1/8
  2361 | D:3      | Gained mutation: Your magical nature lets you fly swiftly
                  | and evasively. [Tengu growth]
  2361 | D:3      | Reached XP level 5. HP: 12/28 MP: 4/10
  2582 | D:3      | Reached ** piety under Zin
  2987 | D:3      | Reached skill level 1 in Summonings
  4022 | D:4      | Reached XP level 6. HP: 32/32 MP: 8/11
  4199 | D:4      | Reached *** piety under Zin
  4300 | D:4      | Found a staircase to the Ecumenical Temple.
  4396 | D:4      | Found a shadowy altar of Dithmenos.
  6851 | D:5      | Entered Level 5 of the Dungeon
  6855 | D:5      | Learned a level 2 spell: Static Discharge
  6860 | D:5      | Noticed an ice beast
  6883 | D:5      | Killed an ice beast
  6884 | D:5      | Reached skill level 1 in Invocations
  7090 | D:5      | Reached XP level 7. HP: 22/36 MP: 2/13
  7412 | D:5      | Reached skill level 1 in Earth Magic
  8098 | D:5      | Reached XP level 8. HP: 41/41 MP: 8/15
  8325 | D:5      | Reached skill level 5 in Conjurations
  8758 | D:6      | Reached **** piety under Zin
  8985 | D:6      | Noticed Eustachio
  9166 | D:6      | Killed Eustachio
  9167 | D:6      | Reached skill level 5 in Spellcasting
 10025 | D:6      | Reached XP level 9. HP: 26/45 MP: 7/18
 10153 | D:6      | Learned a level 3 spell: Stone Arrow
 11078 | D:7      | Found a burning altar of Makhleb.
 11093 | D:7      | Found a white marble altar of Elyvilon.
 11111 | D:7      | Found an iron altar of Okawaru.
 11389 | D:7      | Found a blossoming altar of Fedhas.
 11533 | D:7      | Found a glowing golden altar of the Shining One.
 11665 | D:7      | Reached skill level 5 in Summonings
 11807 | D:7      | Found a shimmering altar of Xom.
 11882 | D:7      | Found an opulent altar of Gozag.
 12157 | D:8      | Found a hide-covered altar of Uskayaw.
 12653 | D:8      | Reached ***** piety under Zin
 12771 | D:8      | Found a bloodstained altar of Trog.
 12774 | D:8      | Noticed Pikel
 12791 | D:8      | Killed Pikel
 12792 | D:8      | Reached skill level 1 in Polearms
 13219 | D:8      | Learned a level 3 spell: Swiftness
 13314 | D:8      | Reached XP level 10. HP: 50/50 MP: 0/21
 13984 | D:9      | Reached skill level 5 in Stealth
 14134 | D:9      | Reached skill level 1 in Ice Magic
 14151 | D:9      | Found a staircase to the Lair.
 14333 | D:9      | Noticed Prince Ribbit
 14337 | D:9      | Killed Prince Ribbit
 14428 | D:9      | Found an ornate altar of the Wu Jian Council.
 14431 | D:9      | Found a stormy altar of Qazlal.
 14677 | D:9      | Found Ramam's Firing Range.
 15000 | D:9      | Got Rychas's Papyrus of Earth
 15202 | D:10     | Entered Level 10 of the Dungeon
 15509 | D:11     | HP: 1/50 [centaur/arrow (8)]
 16071 | D:11     | Noticed a gargoyle
 16075 | D:10     | Found Pieheu Feka's Distillery.
 16080 | D:10     | Bought a potion of curing for 42 gold pieces
 16080 | D:10     | Bought a potion of heal wounds for 70 gold pieces
 16080 | D:10     | Bought a potion of curing for 42 gold pieces
 16080 | D:10     | Bought 2 potions of heal wounds for 140 gold pieces
 16080 | D:10     | Bought a potion of curing for 42 gold pieces
 16105 | D:10     | Noticed Maurice
 16114 | D:10     | Killed Maurice
 16115 | D:10     | Reached skill level 5 in Polearms
 16237 | D:10     | Noticed a four-headed hydra
 16244 | D:10     | Slain by a four-headed hydra

Illustrated notes

Levels and vault maps discovered:
D:1:      wheals_arrival_shading, layout_loops_ring,
          hellmonk_ecumenical_altar_arch_garden, minmay_crystal_room,
          minmay_circled_x
D:2:      minmay_alternating_diamond, layout_rooms, minmay_misc_feat_room
D:3:      layout_loops_cross, minmay_tree_intersection, kennysheep_pointless_box
D:4:      layout_rooms, nicolae_dithmenos_through_a_glass_darkly,
          minmay_temple_entry_poolview
D:5:      layout_basic
D:6:      layout_basic, glass_columns_a, hangedman_decor_opposing,
          lemuel_old_faithful, uniq_eustachio
D:7:      layout_basic, nicolae_overflow_crystal_walls, fedhas_ov_isle_minmay,
          nicolae_overflow_quartered_altars, mainiacjoe_overflow_catwalk
D:8:      layout_loops_ring, nicolae_uskayaw_dance_studio,
          mainiacjoe_overflow_24_doors, corexii_checkpoint_a, minivault_22,
          chequers_serial_rivers_micro_a, dk_noncrumbling_3, uniq_pikel
D:9:      layout_long_grid, minitemple, david_lair_shrubbed,
          nicolae_shop_firing_range, uniq_prince_ribbit1
D:10:     layout_small_grid, serial_shops, nicolae_stop_n_shop_1, uniq_maurice
D:11:     layout_rooms

Skill      XL: |  1  2  3  4  5  6  7  8  9 10 |
---------------+-------------------------------+-----
Air Magic      | 5 6 |  6.5
Conjurations   | 2 3 4 6 7 |  7.6
Staves         | 1 |  1.0
Spellcasting   | 3 4 5 6 7 |  7.6
Summonings     | 1 2 4 5 6 |  6.6
Invocations    | 1 2 |  2.3
Stealth        | 3 4 5 |  5.4
Earth Magic    | 1 3 4 |  4.8
Polearms       | 2 5 |  5.1
Ice Magic      | 3 |  3.4
Dodging        | |  2.7

Action                   |  1- 3 |  4- 6 |  7- 9 | 10-12 || total
-------------------------+-------+-------+-------+-------++-------
Melee: Unarmed           |     3 |       |       |       ||     3
       Kick              |     8 |     5 |    16 |    11 ||    40
       Staff             |    15 |    44 |    48 |       ||   107
       Peck              |     1 |     4 |     7 |     3 ||    15
       Halberd           |       |       |     8 |    53 ||    61
 Cast: Shock             |    62 |    95 |   273 |    12 ||   442
       Static Discharge  |     2 |     6 |     3 |     4 ||    15
       Stone Arrow       |       |       |    12 |    21 ||    33
       Swiftness         |       |       |       |     2 ||     2
Invok: Donate Gold       |     1 |       |       |       ||     1
       Recite            |       |     1 |     1 |     2 ||     4
       Vitalisation      |       |       |       |     1 ||     1
Evoke: Wand              |       |       |     2 |     3 ||     5
  Use: Potion            |       |    10 |     6 |     2 ||    18
       Scroll            |       |     7 |     8 |     2 ||    17
 Stab: Distracted        |       |       |       |     3 ||     3
       Sleeping          |       |       |       |     2 ||     2
Armor: Robe              |     3 |    15 |    40 |    16 ||    74
Dodge: Dodged            |    23 |    31 |   109 |    56 ||   219

Table legend: (Time is in decaauts)
 A = Elapsed time spent in this place.
 B = Non-inter-level travel time spent in this place.
 C = Inter-level travel time spent in this place.
 D = Time resting spent in this place.
 E = Time spent auto-exploring this place.
 F = Levels seen in this place.
 G = Mean time per level.
                   A        B        C        D        E       F      G
               +--------+--------+--------+--------+--------+-----+--------+
         Total |  15632 |  15181 |    451 |   7063 |   5710 |  11 | 1421.1 |
       Dungeon |  15632 |  15181 |    451 |   7063 |   5710 |  11 | 1421.1 |
               +--------+--------+--------+--------+--------+-----+--------+

Top non-repeatable levels by time:
     D:4: 2936 daAuts
     D:8: 1818 daAuts
     D:6: 1815 daAuts
     D:5: 1658 daAuts
     D:3: 1649 daAuts
     D:1: 1460 daAuts
     D:7: 1447 daAuts
     D:9: 1159 daAuts
    D:10: 821 daAuts
     D:2: 681 daAuts
    D:11: 184 daAuts
